 Dungeon Crawl Stone Soup version 0.28-a0-932-g843f935a50 (webtiles) character file.

Game seed: 5720042547660402139

89 ragingrage the Insei (level 4, -11/37 HPs)
             Began as a Draconian Transmuter on Nov 28, 2021.
             Was a Follower of Kikubaaqudgha.
             Mangled by Crazy Yiuf (16 damage)
             ... on level 2 of the Dungeon.
             The game lasted 00:01:51 (1963 turns).

ragingrage the Insei (Draconian Transmuter)         Turns: 1963, Time: 00:01:51

Health: -11/37     AC:  5    Str: 12    XL:     4   Next: 31%
Magic:  6/8        EV: 12    Int: 13    God:    Kikubaaqudgha [*.....]
Gold:   81         SH:  0    Dex: 13    Spells: 4/8 levels left

rFire   . . .      SeeInvis .     - Unarmed
rCold   . . .      Faith    .   (no shield)
rNeg    . . .      Spirit   .   (armour unavailable)
rPois   .          Reflect  .   (helmet currently unavailable)
rElec   .          Harm     .   (no cloak)
rCorr   .          Rampage  .   (no gloves)
Will    .....                   (boots currently unavailable)
Stlth   +.........              (no amulet)
HPRegen 0.12/turn               (no ring)
MPRegen 0.11/turn               (no ring)

@: lethally poisoned (-11 -> -17), appendages, very slightly contaminated
A: horns 2, talons 2, AC +5, unfitting armour, cold-blooded
a: End Transformation, Renounce Religion, Receive Corpses


You were on level 2 of the Dungeon.
You worshipped Kikubaaqudgha.
Kikubaaqudgha was aware of your devotion.
You had temporarily grown beastly horns and talons.
You visited 1 branch of the dungeon, and saw 2 of its levels.

You collected 81 gold pieces.

Inventory:

Missiles
 i - 5 atropa-tipped darts
Jewellery
 h - a ring of fire
Scrolls
 c - a scroll of immolation {unknown}
 d - 2 scrolls of identify {unknown}
 f - a scroll of enchant armour {unknown}
Potions
 a - a potion of attraction {unknown}
 b - a potion of ambrosia {unknown}
 e - a potion of berserk rage {unknown}
 g - a potion of brilliance {unknown}


   Skills:
 * Level 2.5 Fighting
 * Level 2.7 Dodging
 - Level 3.0 Unarmed Combat
 * Level 2.8 Spellcasting
 + Level 2.4 Transmutations


You had 4 spell levels left.
You knew the following spells:

 Your Spells              Type           Power      Damage    Failure   Level
a - Beastly Appendage     Tmut           16%        N/A       9%          1
b - Wereblood             Tmut           8%         N/A       13%         2
c - Animate Skeleton      Necr           2%         N/A       24%         1

Your spell library contained the following spells:

 Spells                   Type           Power      Damage    Failure   Level
 Pain                     Necr           4%         1d4       24%         1
 Sublimation of Blood     Necr           1%         N/A       34%         2
 Spider Form              Tmut/Pois      5%         N/A       38%         3
 Vampiric Draining        Necr           1%         2d6       56%         3
 Ice Form                 Ice/Tmut       5%         N/A       80%         4
 Agony                    Necr           1%         N/A       100%        5
 Excruciating Wounds      Necr           0%         N/A       100%        5


Dungeon Overview and Level Annotations

Branches:
Dungeon (2/15)

Altars:
Kikubaaqudgha

Annotations:
D:2 Crazy Yiuf


Innate Abilities, Weirdness & Mutations

You have temporarily grown beastly horns and talons.
Your plain brown scales are hard. (AC +5)
You cannot fit into any form of body armour.
You are cold-blooded and may be slowed by cold attacks.


Message History

You see here 5 atropa-tipped darts.
Unknown command.
Unknown command.
i - 5 atropa-tipped darts Search for what [Enter for "dart", or ? for help]?
Sorry, I don't know how to get there.
Found a mace.
Found a runed translucent door.
Crazy Yiuf shouts!
Could not explore, unopened runed door.
Could not explore, unopened runed door.
Casting: Beastly Appendage (safe; 9% risk of failure)
Confirm with . or Enter, or press ? or * to list all spells.
You miscast Beastly Appendage.
You are very lightly contaminated with residual magic.
Nothing appears to happen.
Crazy Yiuf waves his quarterstaff at you.
You open the door.
Crazy Yiuf yells, "Trifle hog foot!"
Casting: Beastly Appendage (safe; 9% risk of failure)
Confirm with . or Enter, or press ? or * to list all spells.
You grow a pair of large bovine horns.
Your feet morph into talons.
Crazy Yiuf hits you with a +3 quarterstaff of chaos!
You are poisoned.
You closely miss Crazy Yiuf.
You feel very sick.
Crazy Yiuf grits, "Fire Hive pontify!"
Crazy Yiuf hits you with a +3 quarterstaff of chaos!
Crazy Yiuf burns you.
* * * LOW HITPOINT WARNING * * *
You barely miss Crazy Yiuf.
* * * LOW HITPOINT WARNING * * *
You feel sick. Crazy Yiuf closely misses you.
You hit Crazy Yiuf. You claw Crazy Yiuf, but do no damage.
Crazy Yiuf is lightly wounded.
* * * LOW HITPOINT WARNING * * *
You feel sick.
Crazy Yiuf says, "East broken arm!"
Crazy Yiuf hits you with a +3 quarterstaff of chaos!
You die...
Kikubaaqudgha rasps: "You have failed me!
Welcome... death!"

#.###....#
#.# #....#
#.# #....#
#.# #...##
#.# ##.##
#.# #.## #.#
##.# #.#
#.## #.#
##@# #.# #g#
##########.#
...
...........#
#...#
#...########
#..)# #...#
##### #...#
....# ####
#...# ##..#


You could see Crazy Yiuf.

Vanquished Creatures
  Jessica (D:2)
  2 adders (D:2)
  A worm (D:2)
  A bat (D:1)
  12 giant cockroaches
  3 goblins
  3 hobgoblins
  2 jackals (D:1)
  2 quokkas (D:1)
  2 ball pythons
  3 frilled lizards (D:2)
  2 kobolds
  6 rats
40 creatures vanquished.

Vanquished Creatures (others)
  A plant (D:1)
1 creature vanquished.

Grand Total: 41 creatures vanquished

Notes
Turn   | Place    | Note
-------+----------+-------------------------------------------
     0 | D:1      | ragingrage the Draconian Transmuter began the quest for the
                  | Orb.
     0 | D:1      | Reached XP level 1. HP: 16/16 MP: 3/3
   162 | D:1      | Reached XP level 2. HP: 23/23 MP: 3/5
   412 | D:1      | Learned a level 2 spell: Wereblood
   655 | D:1      | Found a faded altar of an unknown god.
   678 | D:1      | Prayed at the altar of an unknown god.
   678 | D:1      | Became a worshipper of Kikubaaqudgha
   678 | D:1      | Reached * piety under Kikubaaqudgha
   678 | D:1      | Received a gift from Kikubaaqudgha
   681 | D:1      | Learned a level 1 spell: Animate Skeleton
  1009 | D:1      | Reached XP level 3. HP: 28/29 MP: 6/6
  1510 | D:2      | Noticed Jessica
  1517 | D:2      | Killed Jessica
  1518 | D:2      | Reached XP level 4. HP: 30/37 MP: 5/8
  1954 | D:2      | Found a runed translucent door.
  1955 | D:2      | Noticed Crazy Yiuf
  1963 | D:2      | Mangled by Crazy Yiuf

Illustrated notes

Levels and vault maps discovered:
D:1:      lemuel_arrival_lava_pool, layout_loops_cross,
          hellmonk_ecumenical_altar_heavens_door, serial_bayou,
          serial_bayou_crossing, serial_bayou_pond_a, serial_bayou_shore_a,
          serial_bayou_pond_c, st_stairs_5, minmay_worlds_worst_comb
D:2:      layout_rooms, kennysheep_generic_room_16, uniq_jessica,
          uniq_crazy_yiuf_cottage

Skill      XL: |  1  2 |
---------------+-------+-----
Dodging        | 2 |  2.7
Fighting       | 2 |  2.5
Unarmed Combat | |  3.0
Spellcasting   | |  2.8
Transmutations | |  2.4

Action                   |  1- 3 |  4- 6 || total
-------------------------+-------+-------++-------
Melee: Unarmed           |   125 |    21 ||   146
       Tailslap          |    13 |     1 ||    14
       Kick              |    14 |     5 ||    19
       Headbutt          |     6 |     2 ||     8
       Punch             |     2 |       ||     2
 Cast: Beastly Appendage |    12 |     4 ||    16
       Animate Skeleton  |     5 |       ||     5
       Wereblood         |     1 |       ||     1
Invok: Receive Corpses   |     1 |       ||     1
 Stab: Sleeping          |     1 |       ||     1
Armor: Skin              |    35 |     8 ||    43
Dodge: Dodged            |    87 |     9 ||    96

Table legend: (Time is in decaauts)
 A = Elapsed time spent in this place.
 B = Non-inter-level travel time spent in this place.
 C = Inter-level travel time spent in this place.
 D = Time resting spent in this place.
 E = Time spent auto-exploring this place.
 F = Levels seen in this place.
 G = Mean time per level.
                   A        B        C        D        E       F      G
               +--------+--------+--------+--------+--------+-----+--------+
         Total |   1986 |   1929 |     57 |     75 |   1540 |   2 |  993.0 |
       Dungeon |   1986 |   1929 |     57 |     75 |   1540 |   2 |  993.0 |
               +--------+--------+--------+--------+--------+-----+--------+

Top non-repeatable levels by time:
     D:1: 1219 daAuts
     D:2: 766 daAuts
